 Dungeon Crawl Stone Soup version 0.23-a0-636-g0ff6057 (webtiles) character file.

51 galech the Skirmisher (level 3, -2/29 HPs)
             Began as a Demonspawn Fighter on Dec 28, 2018.
             Slain by an adder (3 damage)
             ... on level 2 of the Dungeon.
             The game lasted 00:01:01 (956 turns).

galech the Skirmisher (Demonspawn Fighter)           Turns: 956, Time: 00:01:02

Health: -2/29      AC:  6    Str: 16    XL:     3   Next: 57%
Magic:  3/3        EV:  7    Int:  9    God:
Gold:   68         SH:  9    Dex: 13    Spells: 2/2 levels left

rFire    + . .     SeeInvis .   a - +0 war axe
rCold    . . .     Gourm    .   c - +0 shield
rNeg     . . .     Faith    .   b - +0 scale mail
rPois    .         Spirit   .   (helmet restricted)
rElec    .         Reflect  .   (no cloak)
rCorr    .         Harm     .   (no gloves)
MR       .....                  (no boots)
Stlth    ..........             (no amulet)
HPRegen  0.09/turn              o - ring of protection from fire
MPRegen  0.08/turn              (no ring)

@: no status effects
A: horns 1
a: no special abilities


You were on level 2 of the Dungeon.
You were not hungry.

You visited 1 branch of the dungeon, and saw 2 of its levels.

You collected 68 gold pieces.

Inventory:

Hand Weapons
 a - a +0 war axe (weapon)
Armour
 b - a +0 scale mail (worn)
 c - a +0 shield (worn)
Jewellery
 o - a ring of protection from fire (left hand)
Scrolls
 e - 3 scrolls of blinking {unknown}
 g - a scroll of teleportation {unknown}
 j - 2 scrolls of identify {unknown}
 k - a scroll of magic mapping {unknown}
 l - a scroll of amnesia {unknown}
 m - a scroll of fog {unknown}
Potions
 d - a potion of might
 h - 3 potions of curing {unknown}
 i - a potion of berserk rage {unknown}
 n - a potion of brilliance {unknown}
Comestibles
 f - 5 rations


   Skills:
 + Level 3.3 Fighting
 + Level 2.3 Axes
 + Level 3.1 Armour
 + Level 0.2 Dodging
 + Level 3.2 Shields


You had 2 spell levels left.
You didn't know any spells.
Your spell library was empty.

Dungeon Overview and Level Annotations

Branches:
Dungeon (2/15)

Altars:


Innate Abilities, Weirdness & Mutations

You have a pair of small horns on your head.


Message History

You completely miss the adder. The adder bites you.
* * * LOW HITPOINT WARNING * * *
You block the adder's attack.
You closely miss the adder. The adder bites you but does no damage.
The adder barely misses you.
You barely miss the adder. You block the adder's attack. The adder bites you.
* * * LOW HITPOINT WARNING * * *
You slash the adder! Your headbutt misses the adder.
The adder is almost dead.
The adder barely misses you.
You closely miss the adder.
The adder is almost dead.
The adder bites you but does no damage. x2
You closely miss the adder.
The adder is almost dead.
You block the adder's attack. x2
You closely miss the adder.
The adder is almost dead.
The adder bites you.
You die...

?#. .
$#....#....+ ..
#.....#....#
...##.....#...#
..#?[#....#..#
.#....#..#...
#......#.#.#
......bS#†.#
##....##@..####
..####.)).....#
.....#....###
#.##.##.....#
#.####...###
............#
#.#.#.....##.#
#. #..##..##.#
##.#.#.##.#


You could see an adder and a bat.

Vanquished Creatures
  A gnoll (D:1)
  An adder (D:2)
  4 bats (D:1)
  3 giant cockroaches
  6 hobgoblins
  A quokka (D:2)
  A ball python (D:1)
  A frilled lizard (D:2)
  6 goblins
  2 kobolds (D:1)
  4 rats (D:1)
30 creatures vanquished.

Notes
Turn   | Place    | Note
-------+----------+-------------------------------------------
     0 | D:1      | galech the Demonspawn Fighter began the quest for the Orb.
     0 | D:1      | Reached XP level 1. HP: 18/18 MP: 1/1
    98 | D:1      | Gained mutation: You have a pair of small horns on your
                  | head. [demonic ancestry]
    98 | D:1      | Reached XP level 2. HP: 24/24 MP: 2/2
   261 | D:1      | Reached XP level 3. HP: 12/29 MP: 3/3
   952 | D:2      | HP: 1/29 [adder (2)]
   956 | D:2      | Slain by an adder

Vault maps used:
D:1:      dpeg_arrival_lava_altar
D:2:      cheibrodos_fertilizer, xom_redecorated, minmay_circled_x,
          uniq_crazy_yiuf_cottage

Skill      XL: |  1  2 |
---------------+-------+-----
Shields        | 3 |  3.2
Axes           | 2 |  2.3
Armour         | 3 |  3.1
Fighting       | |  3.3
Dodging        | |  0.2

Action                   || total
-------------------------++-------
Melee: War axe           ||    93
       Headbutt          ||    10
Armor: Scale mail        ||    60
Dodge: Dodged            ||    28
Block: Shield            ||    57

Table legend:
 A = Non-vault XP
 B = Vault XP
 C = Vault XP percentage of total XP
 D = Non-vault monster count
 E = Vault monster count
 F = Vault count percentage of total count
                 A         B        C        D         E       F
            +---------+---------+-------+---------+---------+-------
      Total |      57 |      16 |  21.9 |      27 |       3 |  10.0
            +---------+---------+-------+---------+---------+-------
        D:1 |      49 |       0 |   0.0 |      23 |       0 |   0.0
        D:2 |       8 |      16 |  66.7 |       4 |       3 |  42.9
            +---------+---------+-------+---------+---------+-------
